 Dungeon Crawl Stone Soup version 0.31-a0-154-g56bf346678 (webtiles) character file.

Game seed: 7200229483806817238

753 pokeman the Thaumaturge (level 7, 0/38 HPs)
             Began as a Deep Elf Hedge Wizard on June 11, 2023.
             Slain by a sleepcap (5 damage)
             ... on level 4 of the Dungeon.
             The game lasted 00:10:11 (4527 turns).

pokeman the Thaumaturge (Deep Elf Hedge Wizard)     Turns: 4527, Time: 00:10:11

Health: 0/38       AC:  3    Str:  7    XL:     7   Next: 49%
Magic:  6/20       EV:  2    Int: 21    God:
Gold:   224        SH:  0    Dex: 14    Spells: 14/22 levels left

rFire   . . .        w - +0 whip (elec)
rCold   . . .        (no shield)
rNeg    + . .        b - +0 robe
rPois   .            s - +0 helmet
rElec   .            (no cloak)
rCorr   .            (no gloves)
SInv    .            (no boots)
Will    .....        (no amulet)
Stlth   ++           t - ring of positive energy
HPRegen 0.26/turn    (no ring)
MPRegen 0.17/turn

%: no passive effects
@: sleeping
A: no striking features
a: no special abilities


You were on level 4 of the Dungeon.
You visited 1 branch of the dungeon, and saw 5 of its levels.

You collected 224 gold pieces.

Inventory:

Hand Weapons
 w - a +0 whip of electrocution (weapon)
Armour
 b - a +0 robe (worn)
 s - a +0 helmet (worn)
Magical Staves
 m - a staff of fire
Jewellery
 t - a ring of positive energy (left hand)
Wands
 r - a wand of digging (3)
Scrolls
 a - a scroll of noise {unknown}
 c - a scroll of enchant weapon {unknown}
 f - a scroll of vulnerability {unknown}
 h - a scroll of amnesia {unknown}
 i - a scroll of enchant armour {unknown}
 k - 2 scrolls of identify {unknown}
 n - a scroll of fog {unknown}
 v - a scroll of fear {unknown}
Potions
 d - a potion of magic
 e - a potion of attraction {unknown}
 g - a potion of invisibility {unknown}
 j - a potion of might {unknown}
 l - a potion of curing {unknown}
 o - 2 potions of heal wounds {unknown}
 p - a potion of mutation {unknown}
 q - 2 potions of degeneration {unknown}
 u - 2 potions of haste {unknown}


   Skills:
 + Level 1.4 Fighting
 - Level 1.0 Armour
 - Level 3.0 Dodging
 - Level 3.0 Stealth
 * Level 8.2 Spellcasting
 + Level 4.0 Conjurations
 - Level 1.1 Summonings
 - Level 1.1 Translocations
 + Level 2.4 Fire Magic
 - Level 1.1 Air Magic
 - Level 1.1 Poison Magic
 - Level 2.1 Evocations


You had 14 spell levels left.
You knew the following spells:

 Your Spells              Type           Power      Damage    Failure   Level
a - Magic Dart            Conj           100%       1d8       1%          1
b - Mephitic Cloud        Conj/Pois/Air  17%        N/A       10%         3
c - Call Imp              Summ           26%        N/A       8%          2
d - Blink                 Tloc           26%        N/A       8%          2

Your spell library contained the following spells:

 Spells                   Type           Power      Damage    Failure   Level
 Beastly Appendage        Tmut           16%        N/A       8%          1
 Slow                     Hex            32%        N/A       8%          1
 Cigotuvi's Dreadful Rot  Necr/Pois/Air  22%        N/A       9%          2
 Wereblood                Tmut           8%         N/A       12%         2
 Spider Form              Tmut/Pois      11%        N/A       19%         3


Dungeon Overview and Level Annotations

Branches:
Dungeon (5/15)
 Temple: D:4-7

Altars:


Message History

You are engulfed in a cloud of soporific spores!
You are unaffected.
Unknown command.
Casting: Magic Dart (safe; 1% risk of failure)
Confirm with . or Enter, or press ? or * to list all spells.
You blink.
Casting: Blink (safe; 8% risk of failure)
Confirm with . or Enter, or press ? or * to list all spells.
Aiming: Magic Dart (safe; 1% risk of failure)
Press: ? - help, Shift-Dir - straight line, f/p - sleepcap
Aim: a sleepcap (almost destroyed, 100% to hit)
The magic dart hits the sleepcap but does no damage.
The sleepcap is almost destroyed.
The sleepcap releases spores at you.
* * * LOW HITPOINT WARNING * * *
You are engulfed in a cloud of soporific spores!
You are unaffected.
You hit the sleepcap but do no damage.
You punch the sleepcap, but do no damage.
The sleepcap is almost destroyed.
The sleepcap releases spores at you but does no damage.
Unknown command.
Casting: Magic Dart (safe; 1% risk of failure)
Confirm with . or Enter, or press ? or * to list all spells.
Aiming: Magic Dart (safe; 1% risk of failure)
Press: ? - help, Shift-Dir - straight line, f/p - sleepcap
Aim: a sleepcap (almost destroyed, 100% to hit)
The magic dart hits the sleepcap.
The sleepcap is almost destroyed.
The sleepcap completely misses you.
Unknown command.
You hit the sleepcap but do no damage.
The sleepcap is almost destroyed.
The sleepcap releases spores at you.
* * * LOW HITPOINT WARNING * * *
You are engulfed in a cloud of soporific spores!
You fall asleep.
You feel stable enough to blink again. The sleepcap releases spores at you.
You die...

...........##.#.###.#
......#######.......#
......# #####.#####
###########......#
##...........#####
##...........#
##...........#
##...........#########
.......).......f@...>#
#.....).)..[.#########
...#####)##'##
...#.........#
...#.........#
.<.#.........#
...#.........#
...#.........#
...#.........#


You could see a sleepcap.

Vanquished Creatures
  Menkaure (D:4)
  3 scorpions (D:4)
  2 hounds (D:4)
  A gnoll bouda (D:4)
  Terence (D:2)
  An iguana (D:4)
  3 orc wizards
  Robin (D:2)
  4 adders
  7 gnolls
  2 ufetubi
  3 dart slugs
  7 orcs
  4 endoplasms
  4 giant cockroaches
  14 goblins
  13 hobgoblins
  4 kobolds
  5 quokkas
  7 ball pythons
  3 bats
  2 frilled lizards (D:2)
  4 rats
96 creatures vanquished.

Vanquished Creatures (collateral kills)
  An adder (D:4)
  2 goblins (D:2)
  A hobgoblin (D:2)
4 creatures vanquished.

Grand Total: 100 creatures vanquished

Notes
Turn   | Place    | Note
-------+----------+-------------------------------------------
     0 | D:1      | pokeman the Deep Elf Hedge Wizard began the quest for the
                  | Orb.
     0 | D:1      | Reached XP level 1. HP: 10/10 MP: 7/7
   341 | D:1      | Reached XP level 2. HP: 11/15 MP: 4/9
   600 | D:1      | Found a faded altar of an unknown god.
  1089 | D:1      | Reached skill level 5 in Spellcasting
  1284 | D:2      | Reached XP level 3. HP: 20/20 MP: 5/11
  1288 | D:2      | Learned a level 3 spell: Mephitic Cloud
  1291 | D:2      | Learned a level 2 spell: Call Imp
  1294 | D:2      | Learned a level 2 spell: Blink
  1517 | D:2      | Noticed Terence
  1553 | D:2      | Killed Terence
  1554 | D:2      | Reached skill level 1 in Fighting
  1554 | D:2      | Reached skill level 1 in Armour
  1554 | D:2      | Reached XP level 4. HP: 17/25 MP: 5/13
  1813 | D:2      | Noticed Robin
  1826 | D:2      | Killed Robin
  2065 | D:2      | Reached skill level 6 in Spellcasting
  2074 | D:2      | Reached XP level 5. HP: 29/29 MP: 1/15
  3220 | D:4      | Noticed Menkaure
  3283 | D:4      | Killed Menkaure
  3284 | D:4      | Reached skill level 1 in Fire Magic
  3284 | D:4      | Reached skill level 1 in Evocations
  3284 | D:4      | Reached XP level 6. HP: 4/34 MP: 6/17
  3422 | D:3      | Reached skill level 7 in Spellcasting
  3632 | D:4      | Reached XP level 7. HP: 38/38 MP: 14/20
  3800 | D:4      | Reached skill level 1 in Air Magic
  3800 | D:4      | Reached skill level 1 in Poison Magic
  4064 | D:4      | Reached skill level 8 in Spellcasting
  4474 | D:5      | Entered Level 5 of the Dungeon
  4491 | D:5      | Identified the +6 whip "Cydgh" {elec, rElec rN+}
  4527 | D:4      | Slain by a sleepcap

Illustrated notes

Levels and vault maps discovered:
D:1:      scummos_arrival_simple_crosswalls, layout_loops_cross,
          shapermc_ecumenical_altar_pompeii
D:2:      layout_loops_cross, uniq_robin, uniq_terence
D:3:      layout_basic, corexii_corridor_pit
D:4:      layout_basic, minmay_cupped, uniq_menkaure
D:5:      layout_rooms, mainiacjoe_overflow_alcove_3, minmay_temple_entry_wispy

Skill      XL: |  1  2  3  4  5  6  7 |
---------------+----------------------+-----
Spellcasting   | 5 6 7 8 |  8.2
Fighting       | 1 |  1.4
Armour         | 1 |  1.0
Conjurations   | 2 3 4 |  4.0
Stealth        | 3 |  3.0
Dodging        | 3 |  3.0
Fire Magic     | 1 2 |  2.4
Evocations     | 1 2 |  2.1
Air Magic      | 1 |  1.1
Poison Magic   | 1 |  1.1
Summonings     | |  1.1
Translocations | |  1.1

Action                     |  1- 3 |  4- 6 |  7- 9 || total
---------------------------+-------+-------+-------++-------
  Melee: Dagger            |    15 |       |       ||    15
         Mace              |       |    24 |       ||    24
         Whip              |       |    17 |    24 ||    41
         Punch             |       |     1 |     1 ||     2
   Cast: Magic Dart        |    89 |    97 |    37 ||   223
         Call Imp          |     2 |     1 |     1 ||     4
         Mephitic Cloud    |     1 |    11 |     8 ||    20
         Blink             |       |       |     2 ||     2
   Stab: Confused          |       |     3 |     7 ||    10
 Armour: Robe              |     2 |     3 |     3 ||     8
  Dodge: Dodged            |    20 |    48 |    19 ||    87

Table legend: (Time is in decaauts)
 A = Elapsed time spent in this place.
 B = Non-inter-level travel time spent in this place.
 C = Inter-level travel time spent in this place.
 D = Time resting spent in this place.
 E = Time spent auto-exploring this place.
 F = Levels seen in this place.
 G = Mean time per level.
                   A        B        C        D        E       F      G
               +--------+--------+--------+--------+--------+-----+--------+
         Total |   4541 |   4344 |    197 |    246 |   3443 |   5 |  908.2 |
       Dungeon |   4541 |   4344 |    197 |    246 |   3443 |   5 |  908.2 |
               +--------+--------+--------+--------+--------+-----+--------+

Top non-repeatable levels by time:
     D:2: 1351 daAuts
     D:1: 1237 daAuts
     D:4: 1061 daAuts
     D:3: 870 daAuts
     D:5: 21 daAuts
